 Dungeon Crawl Stone Soup version 0.31-a0-920-g28cbb04a8c (webtiles) character file.

Game seed: 18361912281451544305

7154 lunkers the Martial Artist (level 11, -3/88 (92) HPs)
             Began as a Meteoran Shapeshifter on Oct 16, 2023.
             Was an Elder of Ru.
             Shot with a sling bullet by Joseph (4 damage)
             ... on level 1 of the Lair of Beasts on Oct 17, 2023.
             The game lasted 00:13:46 (4479 turns).

lunkers the Martial Artist (Meteoran Shapeshifter)  Turns: 4479, Time: 00:13:47

HP:   -3/88 (92)    AC: 11    Str: 16    XL:     11   Next: 57%
MP:   12/12         EV: 14    Int: 18    God:    Ru [****..]
Gold: 341           SH:  0    Dex: 18    Spells: 10/10 levels left

rFire   . .          .
                       - Unarmed
rCold   . . .        (shield currently unavailable)
rNeg    . . .        o - +3 ring mail
rPois   .            s - +1 helmet
rElec   .            (no cloak)
rCorr   .            i - +0 pair of gloves
SInv    .            (no boots)
Will    +....        e - amulet of faith
Stlth   +            H - +6 ring of intelligence
HPRegen 0.34/turn    (no ring)
MPRegen 0.13/turn

%: faith
@: exhausted, about to teleport, flux-form, glowing, lightly drained
A: glow, contaminating, sense surroundings 2, inability to read after injury 2,
hated by all, no hexes magic, no ice magic, no necromancy magic, otherworldly,
glowing, explore regen, inability to drink after injury 1
a: Begin Untransformation, Renounce Religion, Draw Out Power, Power Leap


You were on level 1 of the Lair of Beasts.
You worshipped Ru.
Ru was greatly pleased with you.
You were something dangerously unstable.
You visited 2 branches of the dungeon, and saw 10 of its levels.
You also visited: Ossuary.

You collected 341 gold pieces.

Inventory:

Missiles
 r - a curare-tipped dart
 v - a throwing net
Armour
 a - a +0 animal skin
 i - a +0 pair of gloves (worn)
 k - a +0 buckler
 o - a +3 ring mail (worn)
 s - a +1 helmet (worn)
Jewellery
 e - an amulet of faith (around neck)
 f - a +6 ring of intelligence
 E - an amulet of regeneration
 H - a +6 ring of intelligence (left hand)
Talismans
 c - a beast talisman
 d - a flux talisman (active)
Wands
 n - a wand of quicksilver (7)
 w - a wand of charming (22)
 G - a wand of flame (17)
Scrolls
 g - 2 scrolls of enchant armour
 h - 3 scrolls of fog
 l - a scroll of teleportation
Potions
 b - a potion of enlightenment
 j - 6 potions of curing
 p - 3 potions of brilliance
 q - 4 potions of ambrosia
 u - 3 potions of haste
 x - 2 potions of attraction
 z - 2 potions of heal wounds
 A - a potion of lignification
 B - a potion of magic {unknown}
 D - 3 potions of mutation
 F - 2 potions of might
 I - a potion of berserk rage {unknown}


   Skills:
 + Level 7.1 Fighting
 + Level 7.4 Dodging
 * Level 13.9 Unarmed Combat
 + Level 9.7 Shapeshifting


You had 10 spell levels left.
You didn't know any spells.
Your spell library contained the following spells:

 Spells                   Type           Power      Damage    Failure   Level
 Apportation              Tloc           0%         N/A       38%         1
 Magic Dart               Conj           0%         1d3       38%         1
 Shock                    Conj/Air       0%         1d3       38%         1
 Searing Ray              Conj           0%         2d4       54%         2
 Swiftness                Air            0%         N/A       77%         3
 Airstrike                Air            0%         2d(0-16)  99%         4
 Passage of Golubria      Tloc           0%         N/A       99%         4
 Alistair's Intoxication  Tmut/Pois      0%         N/A       100%        5
 Lehudib's Crystal Spear  Conj/Erth      0%         10d2      100%        8
 Jinxbite                 Hex            Unusable   N/A       N/A         2
 Hailstorm                Conj/Ice       Unusable   3d3       N/A         3
 Fulminant Prism          Conj/Hex       Unusable   3d5       N/A         4
 Summon Ice Beast         Ice/Summ       Unusable   N/A       N/A         4
 Silence                  Hex/Air        Unusable   N/A       N/A         5
 Simulacrum               Ice/Necr       Unusable   N/A       N/A         6

Dungeon Overview and Level Annotations

Branches:
Dungeon (9/15) Zot: 1412   Temple (0/1) D:7            Lair (1/5) D:9 Zot: 434
Ossuary (visited)
    Orc: D:9-12

Altars:
Ru
Zin

Shops:
D:2 *   D:6 :   D:9 **

Annotations:
D:4 1 runed translucent door, Crazy Yiuf
D:7 3 runed translucent doors, BeowulfAlex's ghost, novice OpSh
Lair:1 Joseph


Innate Abilities, Weirdness & Mutations

You are something dangerously unstable.
You glow with magical radiation, making you easy to see and hit.
Foes you strike become dangerously contaminated with magical radiation.
You are incapable of wielding weapons or throwing items.
You passively map the area around you.
You sometimes lose the ability to read scrolls when taking damage.
You are hated by all.
You cannot study or cast Hexes magic.
You cannot study or cast Ice magic.
You cannot study or cast Necromancy magic.
You are easily found by Zot.
You glow in the dark.
You regain HP and MP as you explore.
You occasionally lose the ability to drink potions when taking damage.


Message History

You feel drained.
You redirect the blink frog's attack!
You punch the blink frog!
The blink frog glows dangerously bright.
The blink frog is severely wounded.
You redirect the blink frog's attack!
You punch the blink frog!
The blink frog shudders as magic cascades through it!!
You kill the blink frog!
You hit the blink frog.
The blink frog begins to glow.
The blink frog is lightly wounded.
The blink frog hits you!
* * * LOW HITPOINT WARNING * * *
The blink frog hits you but does no damage.
You punch the blink frog!
The blink frog glows dangerously bright.
The blink frog is moderately wounded.
The blink frog hits you!
* * * LOW HITPOINT WARNING * * *
The blink frog hits you!
* * * LOW HITPOINT WARNING * * *
You hit the blink frog.
The blink frog shudders as magic cascades through it!
The blink frog twists and deforms.
The blink frog is severely wounded.
The blink frog hits you but does no damage.
The blink frog barely misses you.
The blink frog blinks!
You closely miss the blink frog.
The blink frog is severely wounded.
The blink frog stops glowing.
The blink frog blinks! x2
The blink frog closely misses you.
As you read the scroll of teleportation, it crumbles to dust.
You feel strangely unstable.
The blink frog is stunned by your conviction and fails to attack.
Joseph unwields a +0 quarterstaff.
Joseph wields a +2 sling of draining.
You sense an unholy aura.
Joseph shoots a sling bullet.
The sling bullet hits you!
* * * LOW HITPOINT WARNING * * *
You feel drained.
You die...

......... ##...#.##.#
.., ....... *
#...###..#...,
....... ,,*
##.###*#.P...#
....... *
#..#.##.....#*
.......
,,########..........#
†......
.................#
#######
*#................# *
#...###..###.....#,
###F.#p§§..###..##..,
#.#..##F@.FF....#,*.
* #.....#...........
#...@§.....P###....*
# #...F#.....## *###.
#...###.#### * **
#)F## ### * * ,#..* *
*, ,, ,,.... ,,


You could see Joseph and 3 blink frogs.

Vanquished Creatures
  The ghost of Doj the Cleaver, a novice MiFi of the Shining One (D:9)
  2 cane toads (Lair:1)
  A gargoyle (D:7)
  A komodo dragon (D:9)
  Grinder (D:4)
  A blink frog (Lair:1)
  11 yaks
  3 neqoxecs (D:9)
  Menkaure (D:5)
  5 water moccasins
  An ice beast (D:5)
  2 black bears
  4 centaurs
  A phantom (D:6)
  2 kobold brigands
  Blork the orc (D:5)
  3 bullfrogs
  2 scorpions (D:9)
  4 wights (D:7)
  3 killer bees (D:9)
  A howler monkey (D:8)
  2 quasits (D:9)
  2 centaur zombies (Ossuary)
  A human zombie (Ossuary)
  2 jellies (D:4)
  3 hounds
  3 orc priests
  A sleepcap (D:8)
  6 iguanas
  2 scorpion zombies (D:6)
  4 orc wizards
  4 mummies (Ossuary)
  4 howler monkey skeletons (D:6)
  6 gnolls
  5 adders
  2 white imps
  2 ufetubi (D:7)
  A worm (D:2)
  A dart slug (D:2)
  29 orcs
  3 bats
  8 endoplasms
  2 giant cockroaches
  5 goblins
  2 hobgoblins (D:2)
  4 jackals (D:2)
  A quokka (D:2)
  2 ball pythons
  A frilled lizard (D:1)
  3 hobgoblin zombies (Ossuary)
  12 kobolds
  A kobold zombie (Ossuary)
  3 rats (D:2)
178 creatures vanquished.

Vanquished Creatures (others)
  A human zombie (Ossuary)
1 creature vanquished.

Grand Total: 179 creatures vanquished

Notes
Turn   | Place    | Note
-------+----------+-------------------------------------------
     0 | D:1      | lunkers the Meteoran Shapeshifter began the quest for the
                  | Orb.
     0 | D:1      | Reached XP level 1. HP: 16/16 MP: 2/2
   331 | D:1      | You fall into a shaft and drop 1 floor!
   342 | D:2      | Reached XP level 2. HP: 23/23 MP: 3/3
   380 | D:2      | Reached skill level 4 in Unarmed Combat
   396 | D:2      | Reached XP level 3. HP: 24/28 MP: 4/4
   522 | D:2      | Found Liaraber's Assorted Antiques.
   700 | D:2      | Found a sacrificial altar of Ru.
   713 | D:2      | Became a worshipper of Ru the Awakened
   968 | D:3      | Reached XP level 4. HP: 9/35 MP: 5/5
  1108 | D:3      | Reached skill level 5 in Unarmed Combat
  1197 | D:3      | Found a glowing silver altar of Zin.
  1409 | D:4      | Noticed Grinder
  1415 | D:4      | Paralysed by Grinder for 3 turns
  1424 | D:4      | Paralysed by Grinder for 5 turns
  1437 | D:4      | Killed Grinder
  1438 | D:4      | Reached skill level 6 in Unarmed Combat
  1438 | D:4      | Reached skill level 5 in Shapeshifting
  1438 | D:4      | Reached XP level 5. HP: 19/40 MP: 6/6
  1438 | D:4      | Reached XP level 6. HP: 22/47 MP: 7/7
  1480 | D:4      | Reached skill level 7 in Unarmed Combat
  1490 | D:4      | Reached XP level 7. HP: 35/52 MP: 8/8
  1576 | D:4      | Gained mutation: You occasionally lose the ability to read
                  | scrolls when taking damage. [Ru sacrifice]
  1576 | D:4      | Gained mutation: You sometimes lose the ability to read
                  | scrolls when taking damage. [Ru sacrifice]
  1576 | D:4      | Reached * piety under Ru
  1596 | D:4      | Found a runed translucent door.
  1597 | D:4      | Noticed Crazy Yiuf
  1697 | D:5      | Entered Level 5 of the Dungeon
  1724 | D:5      | Noticed Blork the orc
  1730 | D:5      | Killed Blork the orc
  1731 | D:5      | Reached skill level 8 in Unarmed Combat
  1861 | D:5      | Reached XP level 8. HP: 54/59 MP: 9/9
  1926 | D:5      | Noticed Menkaure
  1933 | D:5      | Killed Menkaure
  1981 | D:5      | Reached skill level 9 in Unarmed Combat
  2168 | D:6      | Found Loesm's Book Boutique.
  2374 | D:6      | Found a sand-covered staircase.
  2380 | D:6      | Gained mutation: You passively map the area around you.
                  | [Meteoran growth]
  2380 | D:6      | Reached XP level 9. HP: 67/68 MP: 10/10
  2397 | Ossuary  | Entered an ossuary
  2485 | Ossuary  | Reached skill level 10 in Unarmed Combat
  3106 | D:7      | Found a staircase to the Ecumenical Temple.
  3126 | D:7      | Gained mutation: You are hated by all. [Ru sacrifice]
  3126 | D:7      | Reached ** piety under Ru
  3126 | D:7      | Reached *** piety under Ru
  3241 | D:7      | Found a runed translucent gate.
  3241 | D:7      | Found a runed translucent gate.
  3241 | D:7      | Found a runed translucent gate.
  3245 | D:7      | Noticed BeowulfAlex's ghost (novice OpSh)
  3301 | D:7      | Noticed a gargoyle
  3310 | D:7      | Killed a gargoyle
  3311 | D:7      | Reached skill level 11 in Unarmed Combat
  3333 | D:7      | Reached XP level 10. HP: 58/80 MP: 11/11
  3632 | D:8      | Reached skill level 5 in Dodging
  3871 | D:8      | Reached skill level 5 in Fighting
  3962 | D:9      | Reached skill level 12 in Unarmed Combat
  3988 | D:9      | Gained mutation: You cannot study or cast Ice magic. [Ru
                  | sacrifice]
  3988 | D:9      | Gained mutation: You cannot study or cast Hexes magic. [Ru
                  | sacrifice]
  3988 | D:9      | Gained mutation: You cannot study or cast Necromancy magic.
                  | [Ru sacrifice]
  3988 | D:9      | Reached **** piety under Ru
  4009 | D:9      | Noticed a komodo dragon
  4062 | D:9      | Upgraded the game from 0.31-a0-889-g1a8549509d to
                  | 0.31-a0-920-g28cbb04a8c
  4076 | D:9      | Killed a komodo dragon
  4090 | D:9      | Found a staircase to the Lair.
  4101 | D:9      | Found a transporter.
  4106 | D:9      | Noticed Doj's ghost (novice MiFi)
  4122 | D:9      | Found a transporter.
  4133 | D:9      | Killed Doj's ghost
  4140 | D:9      | Reached XP level 11. HP: 52/89 MP: 12/12
  4157 | D:9      | Gained mutation: You occasionally lose the ability to drink
                  | potions when taking damage. [a neqoxec]
  4159 | D:9      | Reached skill level 13 in Unarmed Combat
  4203 | D:9      | Found Piyleo's Specific Store.
  4204 | D:9      | Found Teapsis's General Store.
  4299 | Lair:1   | Entered Level 1 of the Lair of Beasts
  4459 | Lair:1   | Noticed Joseph
  4479 | Lair:1   | HP: 1/91 [Joseph/sling bullet (14)]
  4479 | Lair:1   | Shot with a sling bullet by Joseph

Illustrated notes

Levels and vault maps discovered:
D:1:      pf_arrival_petrified_forest, layout_basic
D:2:      kennysheep_big_flooded_room, layout_rooms, serial_shops,
          nicolae_shop_tiny_glass, basic_altar, hangedman_decor_points,
          roderic_roman_lattice
D:3:      layout_rooms, zin_academy
D:4:      layout_rooms, nicolae_overflows_in_rows, uniq_grinder,
          uniq_crazy_yiuf_cottage
D:5:      nicolae_cairo_tiling, layout_cave_pods, uniq_blork_the_orc,
          uniq_menkaure
D:6:      layout_rooms, mainiacjoe_ossuary_entry_find_the_door, serial_shops,
          shop_statue
D:7:      corexii_shack_village, layout_basic, minmay_temple_entry_wispy,
          gammafunk_ghost_nasty_kobolds
D:8:      layout_gridville
D:9:      layout_long_grid, due_lair_maze_entry_diamond,
          gammafunk_ghost_stat_death, nicolae_specific_store
Lair:1:   layout_gridlike, enter_volcano_3, nicolae_lair_lindhole, uniq_grum,
          uniq_joseph

Skill      XL: |  1  2  3  4  5  6  7  8  9 10 11 |
---------------+----------------------------------+-----
Unarmed Combat | 4 6 7 8 9 11 12 13 | 13.9
Shapeshifting  | 4 5 6 7 9 |  9.7
Fighting       | 2 4 6 7 |  7.1
Dodging        | 3 4 6 7 |  7.4

Action                     |  1- 3 |  4- 6 |  7- 9 | 10-12 || total
---------------------------+-------+-------+-------+-------++-------
  Melee: Unarmed           |    70 |    69 |   311 |   245 ||   695
         Punch             |       |     1 |       |       ||     1
 Invoke: Sacrifice Words   |       |       |     1 |       ||     1
         Sacrifice Love    |       |       |     1 |       ||     1
         Sacrifice Arcana  |       |       |       |     1 ||     1
         Draw Out Power    |       |       |       |     1 ||     1
    Use: Potion            |     1 |     1 |       |       ||     2
         Scroll            |       |       |       |    17 ||    17
   Stab: Distracted        |       |       |     2 |     1 ||     3
         Invisible         |       |       |       |     1 ||     1
 Armour: Animal skin       |    35 |    10 |       |       ||    45
         Skin              |     6 |     8 |       |       ||    14
         Ring mail         |       |    26 |   189 |   139 ||   354
  Dodge: Dodged            |    28 |    41 |   181 |   146 ||   396
   Form: Flux              |     1 |       |       |       ||     1

Table legend: (Time is in decaauts)
 A = Elapsed time spent in this place.
 B = Non-inter-level travel time spent in this place.
 C = Inter-level travel time spent in this place.
 D = Time resting spent in this place.
 E = Time spent auto-exploring this place.
 F = Levels seen in this place.
 G = Mean time per level.
                   A        B        C        D        E       F      G
               +--------+--------+--------+--------+--------+-----+--------+
         Total |   4350 |   4257 |     93 |     38 |   2795 |  11 |  395.5 |
       Dungeon |   3987 |   3894 |     93 |     38 |   2647 |   9 |  443.0 |
          Lair |    164 |    164 |      0 |      0 |     29 |   1 |  164.0 |
       Ossuary |    198 |    198 |      0 |      0 |    119 |   1 |  198.0 |
               +--------+--------+--------+--------+--------+-----+--------+

Top non-repeatable levels by time:
     D:2: 596 daAuts
     D:7: 535 daAuts
     D:6: 523 daAuts
     D:3: 470 daAuts
     D:5: 459 daAuts
     D:8: 438 daAuts
     D:9: 351 daAuts
     D:1: 330 daAuts
     D:4: 281 daAuts
 Ossuary: 198 daAuts
  Lair:1: 164 daAuts
